Map: 2000 Atmospheres LE

Players

maru - Winner!

  • Race: Terran Terran

Serral

  • Race: Zerg Zerg

Event: ASUS ROG Fall 2021

VOD

Have the link to the VOD?

Description

Time

  • Played on: Sept. 19, 2021, 11:08 a.m.
  • Length: 24:05

All games in this series

Show
View Real Time Build Order
Export as new Build Order

maru Terran - Winner!

Build Orders: Reaper Expand 

Get SALT Encoding   

  12  0:00  SCV  
  13  0:12  SCV  
  14  0:17  Supply Depot  
  14  0:25  SCV  
  15  0:38  SCV  
  15  0:39  Barracks  
  16  0:43  Refinery  
  16  0:50  SCV  
  17  1:02  SCV  
  18  1:15  SCV  
  19  1:26  Reaper  
  19  1:27  Orbital Command  
  20  1:39  Command Center  
  20  1:52  SCV  
  20  1:53  Barracks  
  21  2:00  Barracks Reactor  
  21  2:04  SCV  
  22  2:08  Supply Depot  
  22  2:16  Refinery, SCV  
  23  2:30  SCV  
  23  2:34  Factory  
  24  2:37  Marine  
  24  2:38  Marine  
  24  2:42  SCV, Barracks Tech Lab  
  28  2:54  Orbital Command  
  28  2:55  Marine, SCV  
  28  2:56  Marine  
  30  3:01  Marine  
  30  3:02  Stimpack  
  31  3:07  SCV  
  32  3:13  Marine x2  
  32  3:19  Marine, SCV  
  36  3:21  SCV  
  36  3:24  Supply Depot  
  37  3:28  Starport  
  37  3:31  Factory Reactor  
  36  3:34  Marine x2  
  36  3:37  SCV  
  36  3:39  SCV  
  40  3:43  Marine  
  41  3:49  SCV  
  41  3:51  SCV, Supply Depot  
  41  3:52  Marine x2  
  45  4:01  Marine, SCV  
  47  4:03  SCV  
  48  4:11  Marine x2, Medivac x2  
  48  4:14  Supply Depot  
  48  4:15  SCV  
  55  4:19  Marine  
  55  4:21  SCV  
  57  4:27  SCV  
  58  4:33  SCV  
  58  4:34  Command Center  
  59  4:39  Marine x3, SCV  
  59  4:42  Widow Mine  
  59  4:45  Supply Depot, Combat Shield  
  65  4:48  SCV  
  42  4:52  Medivac  
  66  4:57  Marine x2, Supply Depot  
  70  5:06  Refinery, Marine, SCV x2  
  73  5:07  Refinery, Factory Tech Lab  
  73  5:16  Marine  
  73  5:17  Marine  
  73  5:18  SCV x2  
  77  5:21  Engineering Bay  
  77  5:22  Engineering Bay  
  77  5:26  Siege Tank, Starport Reactor  
  80  5:31  SCV x2  
  80  5:34  Barracks  
  82  5:37  Supply Depot  
  82  5:41  Marine x2  
  82  5:42  Marine  
  85  5:43  SCV  
  85  5:46  SCV  
  87  5:51  Orbital Command  
  87  5:56  SCV, Terran Infantry Weapons Level 1  
  88  5:58  SCV  
  88  6:03  Marine  
  89  6:04  Siege Tank  
  89  6:09  SCV  
  86  6:14  Marine x2  
  86  6:15  Medivac  
  86  6:17  SCV  
  91  6:21  Marine, SCV  
  91  6:22  Orbital Command  
  93  6:27  Supply Depot  
  93  6:29  Marine x2, Supply Depot, SCV  
  93  6:32  Marine  
  97  6:36  SCV  
  98  6:42  SCV  
  98  6:46  Siege Tank  
  102  6:48  SCV  
  102  6:49  SCV  
  102  6:50  Medivac  
  102  6:51  Medivac  
  102  6:54  SCV  
  109  6:55  Marine x3  
  109  6:56  Marine x2  
  109  7:00  SCV  
  115  7:01  SCV  
  110  7:10  SCV  
  110  7:13  Marine x4, SCV  
  110  7:15  SCV  
  113  7:16  Barracks x2  
  113  7:19  Armory  
  113  7:25  SCV x2  
  113  7:27  Marine, SCV  
  117  7:31  Marine x3, Siege Tank  
  123  7:37  SCV  
  123  7:38  SCV  
  123  7:41  Refinery x2, Supply Depot x2  
  125  7:45  Marine x2  
  125  7:49  Marine  
  127  7:52  Marine x2  
  122  8:03  Marine x2  
  122  8:05  SCV  
  125  8:06  Marine  
  125  8:07  Supply Depot  
  125  8:08  Command Center  
  125  8:10  Marine  
  125  8:11  Barracks Reactor x2  
  127  8:16  Terran Infantry Armor Level 1, Terran Infantry Weapons Level 2  
  124  8:22  Marine x2  
  124  8:25  Marine  
  124  8:27  Marine x2  
  124  8:30  Terran Vehicle Weapons Level 1  
  124  8:31  Siege Tank  
  124  8:32  SCV  
  124  8:33  Medivac x2  
  132  8:35  Factory  
  132  8:40  Marine x2  
  134  8:42  Marine  
  134  8:43  SCV  
  134  8:45  Marine  
  134  8:46  Supply Depot  
  137  8:54  Barracks x2  
  137  9:03  Marine x4, Liberator x2  
  137  9:04  Marine x2, Siege Tank  
  137  9:09  SCV x3  
  155  9:11  Supply Depot  
  154  9:18  Barracks  
  154  9:19  Barracks  
  154  9:20  Barracks, Factory Tech Lab  
  154  9:22  Supply Depot  
  154  9:23  Sensor Tower  
  154  9:30  Marine x3, Marauder  
  159  9:36  Siege Tank  
  162  9:38  Marine x2  
  162  9:39  Marine  
  162  9:41  Siege Tank  
  162  9:50  Liberator x2  
  162  9:52  Marauder  
  166  9:56  SCV x2  
  168  10:03  Supply Depot, Barracks Tech Lab  
  168  10:04  Supply Depot, Barracks Tech Lab  
  168  10:06  Marine x3  
  168  10:07  Marine  
  171  10:08  Barracks Tech Lab, Siege Tank  
  171  10:13  Siege Tank, Marauder  
  180  10:17  Marine x3  
  175  10:27  SCV  
  170  10:29  Marine x3  
  170  10:30  Marine, SCV, Marauder  
  170  10:34  Marauder  
  171  10:38  Medivac x2  
  171  10:41  Siege Tank  
  178  10:44  Terran Vehicle Weapons Level 2, Terran Infantry Armor Level 2  
  178  10:45  Siege Tank  
  178  10:48  Missile Turret  
  178  10:49  SCV  
  182  10:50  SCV x2  
  182  10:53  Planetary Fortress  
  182  10:56  Marauder  
  179  10:59  Marine, Marauder  
  179  11:00  Marauder  
  179  11:02  SCV  
  183  11:12  Sensor Tower  
  183  11:17  Marauder  
  166  11:19  Marine x2, Marauder  
  166  11:21  Marauder x2  
  166  11:24  Factory  
  166  11:27  Marine  
  166  11:34  Medivac x2  
  166  11:37  Drilling Claws  
  166  11:38  Siege Tank  
  166  11:39  Marauder, Command Center  
  164  11:43  Widow Mine  
  164  11:44  Marine x8, Marauder x3  
  176  11:50  Refinery  
  176  11:51  SCV  
  177  11:58  SCV x2  
  177  12:00  Refinery, SCV  
  178  12:03  Command Center  
  178  12:04  Widow Mine  
  180  12:11  Widow Mine  
  180  12:12  Factory Reactor  
  180  12:20  Ghost Academy  
  180  12:21  Marine, Marauder x2  
  180  12:22  Marine x4, Marauder x2  
  193  12:23  SCV  
  193  12:24  SCV x3  
  193  12:25  Widow Mine  
  199  12:30  Sensor Tower  
  199  12:32  Terran Infantry Weapons Level 3  
  199  12:43  Marine, Marauder  
  199  12:44  Marauder x2  
  193  12:46  Marauder  
  193  12:47  Widow Mine x2  
  199  13:04  Marauder, Liberator  
  191  13:11  Widow Mine x2, Command Center  
  191  13:12  Widow Mine  
  188  13:13  Liberator  
  189  13:23  Terran Infantry Armor Level 3, Terran Vehicle And Ship Armor Level 1  
  189  13:34  Marine, Marauder  
  189  13:37  Orbital Command  
  191  13:41  Widow Mine  
  191  13:47  Liberator  
  191  13:48  Widow Mine x2  
  198  13:56  Liberator  
  192  14:03  Widow Mine x2  
  181  14:16  Ghost x4  
  181  14:17  Marine x6  
  159  14:18  Widow Mine  
  159  14:19  Widow Mine  
  159  14:23  SCV x4  
  173  14:25  Widow Mine  
  173  14:29  Liberator  
  178  14:34  Widow Mine  
  177  14:39  Planetary Fortress  
  177  14:40  Widow Mine x2  
  177  14:43  Personal Cloaking  
  177  14:44  Ghost x3  
  187  14:49  Liberator  
  187  14:51  Orbital Command  
  190  14:59  Marine, Marauder  
  184  15:04  Widow Mine x2  
  152  15:09  Widow Mine  
  152  15:12  SCV x3  
  135  15:14  Ghost  
  135  15:15  Marine x3  
  135  15:16  SCV  
  135  15:17  SCV  
  135  15:18  SCV  
  135  15:20  Ghost  
  142  15:24  SCV x3  
  142  15:26  Widow Mine, Hellion  
  142  15:28  SCV  
  150  15:29  SCV  
  150  15:30  SCV, Widow Mine  
  150  15:34  Orbital Command, Barracks Tech Lab  
  154  15:36  SCV x3  
  154  15:40  Sensor Tower, SCV  
  154  15:42  Barracks Tech Lab  
  158  15:43  Marine x2  
  158  15:44  Marauder  
  158  15:45  Terran Vehicle And Ship Armor Level 2  
  158  15:47  Marine x2, Widow Mine x2  
  158  15:49  Marauder  
  167  15:52  Widow Mine  
  167  16:02  SCV  
  167  16:03  Orbital Command  
  162  16:05  Marauder  
  162  16:11  Marine x3, Marauder x3  
  161  16:12  Marine x2  
  161  16:14  Widow Mine  
  170  16:25  Marine  
  170  16:26  Marine x2  
  170  16:27  Marauder  
  177  16:33  Marauder x3  
  177  16:35  Marine  
  176  16:48  Marine, Marauder  
  176  16:49  Marine  
  176  16:50  Marine x2, Widow Mine x2  
  176  16:51  Marine  
  183  16:54  Marauder x2  
  183  17:01  SCV x5  
  171  17:02  SCV  
  175  17:13  SCV  
  175  17:14  Command Center  
  176  17:18  Marine  
  176  17:19  Marine x2, Marauder  
  176  17:20  Medivac  
  180  17:41  Marine, Marauder  
  158  17:46  Marine x2, Marauder x2  
  158  17:48  Marine x2  
  158  17:49  Medivac  
  158  17:50  Medivac  
  119  17:57  Marine  
  119  17:58  Marine  
  108  18:01  SCV x5  
  108  18:02  Marine x2, SCV  
  108  18:03  Marauder  
  108  18:04  Widow Mine  
  108  18:05  Widow Mine x2  
  125  18:07  Marauder  
  127  18:19  Medivac  
  129  18:20  Medivac  
  129  18:25  Widow Mine  
  129  18:26  Widow Mine  
  129  18:27  Marine x2, Widow Mine, Marauder x2  
  138  18:29  Marauder  
  138  18:31  Orbital Command  
  139  18:44  Orbital Command  
  139  18:45  Marine  
  139  18:46  Widow Mine  
  139  18:48  Marine x3, Widow Mine x2, Marauder x2  
  146  18:50  Marauder  
  146  18:53  Orbital Command  
  149  19:05  Marine x3  
  149  19:08  Widow Mine  
  149  19:09  Widow Mine x2  
  160  19:10  Marine, Marauder x2  
  160  19:12  Marauder  
  157  19:28  Concussive Shells  
  157  19:29  Widow Mine  
  157  19:31  Widow Mine x2, Marauder x2  
  167  19:34  Marine  
  167  19:35  Marauder  
  158  19:51  Widow Mine  
  158  19:52  Widow Mine  
  156  19:54  Widow Mine  
  156  19:56  Marine  
  156  19:57  Marauder  
  161  20:02  Marine x3  
  161  20:03  Marauder x2  
  168  20:07  Marine  
  168  20:10  Orbital Command  
  168  20:12  Widow Mine  
  168  20:13  Widow Mine  
  166  20:15  Marine  
  166  20:18  Marauder  
  166  20:20  Marine x2  
  159  20:24  Marauder  
  154  20:29  SCV x3  
  157  20:43  Marine  
  157  20:44  Marine x3, Marauder  
  159  20:58  Marine x3  
  159  20:59  Marauder x2  
  159  21:02  Marine  
  159  21:03  Marine  
  167  21:07  Widow Mine  
  136  21:22  Marine x2, Marauder x3  
  146  21:25  Widow Mine  
  146  21:26  Widow Mine  
  146  21:27  Medivac x2  
  135  21:39  Widow Mine  
  124  21:42  Marine x2  
  126  21:47  Widow Mine  
  124  21:57  Medivac x2  
  120  22:09  Widow Mine  
  120  22:10  Widow Mine  
  116  22:16  Planetary Fortress  
  116  22:25  Marine x3  
  116  22:26  Marauder  
  116  22:27  Medivac x2  
  116  22:29  Marine  
  126  22:34  Marine, Marauder  
  129  22:50  Marine, Marauder  
  108  22:53  Marine x4, Marauder  
  108  22:56  Marauder  
  116  22:59  SCV  
  116  23:03  Marine x3  
  120  23:11  SCV, Medivac  
  123  23:15  Medivac  
  123  23:18  Marauder  
  127  23:28  Marine, Marauder x2  
  127  23:31  Marine  
  127  23:32  Marine  
  130  23:39  Marine  
  130  23:40  Marauder  
Show
View Real Time Build Order
Export as new Build Order

Serral Zerg 

Build Orders: Hatch First 

Get SALT Encoding   

  12  0:00  Drone  
  13  0:12  Overlord  
  13  0:16  Drone  
  14  0:30  Drone x2  
  16  0:47  Hatchery  
  15  0:51  Drone  
  15  0:54  Drone  
  17  0:57  Drone  
  18  1:08  Extractor  
  17  1:12  Spawning Pool  
  17  1:15  Drone  
  17  1:19  Drone  
  18  1:28  Drone  
  19  1:38  Drone  
  20  1:49  Drone  
  21  1:59  Queen x2  
  21  2:00  Zergling x4  
  27  2:11  Drone, Overlord  
  28  2:22  Hatchery  
  27  2:25  Drone  
  27  2:29  Drone  
  29  2:37  Drone  
  29  2:38  Drone  
  29  2:40  Metabolic Boost  
  31  2:44  Queen  
  31  2:49  Overlord  
  33  2:52  Drone  
  33  2:53  Drone  
  33  2:57  Drone  
  35  3:03  Overlord  
  35  3:10  Drone x4  
  39  3:14  Queen  
  39  3:18  Drone x2  
  43  3:24  Queen  
  45  3:29  Drone x2  
  47  3:34  Queen  
  47  3:39  Overlord  
  47  3:40  Drone  
  50  3:42  Drone x2  
  50  3:45  Zergling x4  
  50  3:47  Drone  
  55  3:52  Queen  
  55  3:55  Overlord  
  57  4:00  Drone x4  
  61  4:05  Queen  
  61  4:07  Drone  
  61  4:09  Overlord  
  64  4:11  Drone  
  64  4:15  Drone x3  
  68  4:19  Queen  
  71  4:24  Zergling x2  
  71  4:25  Overlord  
  71  4:26  Drone x2  
  71  4:29  Overlord  
  73  4:32  Baneling Nest  
  72  4:38  Lair  
  72  4:40  Extractor, Zergling x4  
  72  4:41  Extractor  
  72  4:42  Drone  
  72  4:45  Drone x3  
  75  4:46  Drone x2  
  75  4:49  Overlord  
  75  4:52  Zergling x4  
  80  4:53  Zergling x2, Extractor  
  80  4:54  Drone  
  80  4:57  Overlord  
  80  4:59  Queen  
  83  5:02  Overlord  
  83  5:08  Overlord  
  83  5:13  Overlord  
  83  5:14  Zergling x4  
  85  5:19  Overlord  
  85  5:22  Zergling x2  
  85  5:25  Spore Crawler  
  85  5:26  Zergling x4  
  87  5:30  Baneling  
  87  5:31  Baneling x5  
  87  5:33  Drone x5  
  87  5:35  Baneling x2, Drone  
  93  5:36  Centrifical Hooks  
  93  5:38  Drone x3  
  96  5:43  Zergling x2  
  96  5:45  Zergling x2  
  96  5:48  Zergling x6  
  96  5:49  Zergling x6  
  104  5:52  Spore Crawler  
  104  5:55  Drone x2  
  105  5:57  Evolution Chamber  
  105  5:59  Evolution Chamber  
  105  6:04  Zergling x4  
  103  6:07  Zergling x10  
  103  6:10  Queen  
  107  6:13  Baneling x5  
  107  6:14  Zergling x2  
  108  6:20  Hatchery  
  108  6:22  Overlord  
  108  6:25  Zergling x10  
  112  6:26  Zergling x4  
  112  6:28  Overlord  
  112  6:32  Overseer  
  114  6:34  Zerg Ground Armor Level 1  
  114  6:35  Zerg Melee Weapons Level 1  
  114  6:37  Burrow  
  113  6:49  Zergling x16  
  113  6:50  Zergling x4, Overseer  
  113  6:53  Baneling x5  
  122  6:58  Drone x3  
  122  6:59  Baneling x5  
  122  7:00  Baneling  
  124  7:05  Overlord  
  117  7:10  Zergling x2  
  117  7:11  Zergling x14  
  122  7:20  Zergling x6  
  125  7:24  Baneling x11  
  125  7:30  Zergling x12  
  125  7:33  Queen  
  125  7:35  Zergling x2  
  134  7:40  Drone  
  128  7:54  Drone x7  
  130  7:59  Pneumatized Carapace  
  130  8:02  Drone x2  
  130  8:03  Drone x4  
  136  8:06  Overlord  
  136  8:08  Zergling x10  
  136  8:11  Baneling x2, Infestation Pit  
  139  8:16  Zergling x4  
  139  8:19  Zergling x2  
  133  8:20  Zergling x2, Hatchery  
  133  8:26  Zergling x16  
  137  8:33  Baneling x3  
  136  8:36  Hatchery  
  136  8:38  Drone x3  
  136  8:40  Zergling x8  
  142  8:44  Baneling x4  
  142  8:47  Zergling x6  
  145  8:50  Zerg Melee Weapons Level 2, Zerg Ground Armor Level 2  
  145  8:52  Hive  
  145  8:54  Extractor, Drone  
  145  8:55  Extractor, Spore Crawler  
  142  8:56  Zergling x10  
  147  9:02  Zergling x2  
  147  9:03  Zergling x8  
  148  9:11  Zergling x14  
  152  9:18  Zergling x4  
  152  9:22  Hatchery  
  153  9:27  Zergling x12  
  153  9:28  Baneling x18  
  153  9:31  Overlord  
  159  9:32  Overlord  
  155  9:46  Zergling x2  
  155  9:47  Zergling x10  
  155  9:48  Zergling x2  
  155  9:50  Zergling x4  
  157  9:58  Zergling x28  
  173  10:03  Zergling x4  
  173  10:05  Adrenal Glands  
  175  10:10  Zergling x2  
  175  10:11  Zergling x6  
  178  10:25  Overlord x4  
  178  10:26  Overlord x2  
  170  10:36  Zergling x22  
  181  10:43  Hatchery  
  180  10:50  Ultralisk Cavern  
  180  10:55  Viper x2  
  181  10:57  Zergling x14  
  188  11:08  Zerg Ground Armor Level 3, Zerg Melee Weapons Level 3  
  188  11:09  Baneling x10  
  185  11:12  Zergling x12  
  152  11:20  Zergling x24  
  150  11:33  Zergling x8  
  150  11:34  Extractor  
  150  11:37  Extractor  
  151  11:40  Drone x2  
  151  11:41  Drone x2  
  151  11:42  Drone  
  151  11:43  Chitinous Plating  
  151  11:45  Drone x6  
  160  11:48  Baneling x8  
  160  11:54  Zergling x18  
  165  12:00  Drone x3  
  168  12:12  Ultralisk x2  
  180  12:18  Spore Crawler, Drone  
  180  12:20  Drone  
  180  12:21  Drone  
  182  12:29  Ultralisk x2  
  194  12:32  Extractor  
  194  12:33  Drone x3  
  192  12:43  Zergling x24  
  191  12:48  Overseer  
  190  12:54  Ultralisk  
  187  13:10  Zergling x32  
  200  13:14  Baneling x16  
  200  13:17  Hatchery  
  200  13:19  Baneling  
  199  13:25  Drone  
  199  13:26  Spire  
  193  13:37  Zergling x14  
  198  13:53  Zergling x2  
  197  14:09  Zergling x6  
  194  14:10  Zergling x24  
  194  14:14  Zergling x26  
  194  14:15  Zergling x4  
  195  14:20  Zergling x12  
  199  14:24  Baneling x6  
  199  14:38  Zergling x4  
  199  14:44  Baneling x6  
  199  14:52  Zerg Flyer Weapons Level 1  
  199  14:53  Hatchery  
  199  14:59  Zergling x34  
  199  15:04  Zergling x20  
  185  15:09  Zergling x10  
  176  15:16  Zergling x18  
  180  15:23  Drone x4  
  180  15:24  Spore Crawler x2  
  180  15:25  Spore Crawler  
  180  15:27  Baneling x20  
  180  15:28  Baneling x4  
  181  15:30  Zergling x14  
  181  15:32  Overseer  
  188  15:36  Anabolic Synthesis  
  188  15:37  Zergling x18  
  188  15:39  Baneling  
  188  15:40  Baneling  
  197  15:49  Zergling x6  
  200  15:55  Zergling x10  
  180  16:07  Zergling x4  
  180  16:08  Zergling x38  
  183  16:12  Zergling x6  
  183  16:13  Zergling x6  
  187  16:26  Baneling x4  
  187  16:27  Corruptor x4  
  193  16:35  Corruptor x3  
  188  16:47  Zergling x12  
  188  16:48  Zergling x8  
  195  16:54  Zergling x8  
  195  17:00  Zergling x4  
  195  17:01  Zergling x8  
  190  17:17  Zergling x2  
  190  17:18  Zergling x16  
  199  17:25  Baneling x3  
  199  17:26  Baneling x13  
  191  17:30  Hatchery  
  191  17:35  Zergling x14  
  191  17:36  Zergling x4  
  171  17:49  Zergling x22  
  171  17:50  Zergling x14  
  161  17:57  Overseer  
  142  18:00  Zergling x18  
  142  18:04  Baneling  
  142  18:05  Baneling x5  
  151  18:09  Zergling x6  
  154  18:14  Overseer  
  152  18:20  Zergling x14  
  158  18:36  Zergling x10  
  158  18:37  Hatchery  
  160  18:53  Zergling x26  
  173  19:01  Baneling x13  
  172  19:09  Zergling x12  
  155  19:24  Zergling x12  
  160  19:33  Zergling x10  
  165  19:40  Baneling x9  
  165  19:42  Zergling x8  
  164  19:52  Zergling x8  
  146  19:53  Zergling x8  
  146  19:57  Overseer x2  
  146  19:59  Baneling x12  
  149  20:00  Zergling x18  
  149  20:01  Zergling x2  
  149  20:05  Zergling x6  
  162  20:08  Baneling  
  162  20:09  Baneling  
  155  20:18  Zergling x24  
  155  20:19  Zergling x8  
  157  20:28  Zergling x16  
  157  20:43  Zergling x10  
  157  20:44  Zergling x14  
  157  20:47  Baneling  
  157  20:48  Baneling x2  
  169  20:55  Zergling x10  
  169  20:56  Zergling x6  
  165  21:04  Baneling x4  
  159  21:05  Zergling x20  
  159  21:09  Baneling x7  
  166  21:14  Zergling x8  
  166  21:15  Zergling x2  
  148  21:23  Zergling x2  
  148  21:24  Zergling x16  
  138  21:26  Baneling x3  
  138  21:27  Baneling x5  
  138  21:30  Overseer  
  138  21:32  Zergling x2  
  123  21:54  Hatchery  
  120  21:56  Zergling x18  
  125  22:15  Baneling x12  
  123  22:17  Viper x2  
  127  22:27  Zergling x20  
  131  22:45  Hatchery  
  131  22:51  Zergling x12  
  106  22:55  Zergling x2  
  106  22:56  Zergling x8  
  109  23:05  Overseer  
  109  23:07  Zergling x4  
  109  23:08  Zergling x8  
  109  23:12  Overseer  
  112  23:21  Zergling x16  
  126  23:38  Zergling x2  
  126  23:39  Zergling x16  
  133  23:44  Baneling x7  
Tags
 
Add a new tag
Caveats
  • Supply blocks, unpowered buildings, or Contaminate may cause inaccurate times.
  • Supply counts are checked every 10 seconds.